[ PARTIDA AOE2 · #504814773 ]
UnrankedCoreanos vs Cumans
Equipo del jugador · DERR
Equipo rival · VICT
[ ANÁLISIS DE REPETICIÓN · EXTRAÍDO DE LA PARTIDA GRABADA ]
Feudal
11:39
Castillos
25:50
Imperial
32:46
| APM promedio | 20.1 |
| APM pico | 68 |
| eAPM promedio | 13.2 |
| Aldeanos / militares | 103 / 16 |
Foco
⚔️ 23.4% · 🌾 76.6%
Fire Lancer ×6 · Bombard Cannon ×6 · Iron Pagoda ×3 · Monk ×1
Feudal
10:35
Castillos
25:29
Imperial
30:42
| APM promedio | 35.7 |
| APM pico | 112 |
| eAPM promedio | 25.8 |
| Aldeanos / militares | 188 / 116 |
Foco
⚔️ 34.8% · 🌾 65.2%
Scout Cavalry ×86 · Kipchak ×12 · Battering Ram ×8 · Petard ×5 · Trebuchet (Packed) ×4 · Monk ×1
Mapa de la partida
Recursos iniciales + cada clic de construcción. Líneas = muros · curvas = relieve. ◆ oro · ⬟ piedra · ● bayas · ✦ reliquia · ◌ hueco del cierre
Tu base· ✓ Cerrada en 25:50 · 0t muro · 1 puerta(s)
Base de DK_Vamos Jefe de Equipo· Abierta — flanco sin cerrar
Terreno inicial suavizado · ◌ = hueco del cierre detectado · pasá el cursor para detalles
Inputs por minuto
— Post Nut Clarity - - DK_Vamos Jefe de Equipo
Build order — Post Nut Clarity
Primeras 150 de 250 acciones detectadas
| 0:00 | Investigar | Loom |
| 0:01 | Encolar | Villager (Male) |
| 0:02 | Construir | House |
| 0:03 | Construir | House |
| 0:17 | Encolar | Villager (Male) |
| 0:18 | Encolar | Villager (Male) |
| 0:18 | Encolar | Villager (Male) |
| 0:18 | Encolar | Villager (Male) |
| 2:08 | Construir | House |
| 2:12 | Construir | House |
| 2:19 | Construir | House |
| 2:23 | Construir | House |
| 2:25 | Construir | Palisade Gate |
| 2:27 | Encolar | Villager (Male) |
| 2:50 | Encolar | Villager (Male) |
| 4:07 | Construir | Lumber Camp |
| 4:27 | Encolar | Villager (Male) |
| 4:58 | Encolar | Villager (Male) |
| 5:43 | Encolar | Villager (Male) |
| 5:43 | Encolar | Villager (Male) |
| 6:26 | Encolar | Villager (Male) |
| 6:35 | Encolar | Villager (Male) |
| 6:53 | Encolar | Villager (Male) |
| 7:30 | Encolar | Villager (Male) |
| 8:08 | Encolar | Villager (Male) |
| 8:18 | Encolar | Villager (Male) |
| 9:04 | Encolar | Villager (Male) |
| 9:09 | Construir | Mill |
| 9:23 | Investigar | Feudal Age |
| 9:48 | Construir | Mining Camp |
| 9:50 | Encolar | Villager (Male) |
| 11:06 | Encolar | Villager (Male) |
| 11:10 | Encolar | Villager (Male) |
| 11:39 | Edad | Edad Feudal |
| 11:45 | Construir | Watch Tower |
| 11:54 | Construir | Blacksmith |
| 11:59 | Encolar | Villager (Male) |
| 12:02 | Investigar | Double-Bit Axe |
| 12:14 | Encolar | Villager (Male) |
| 12:17 | Encolar | Villager (Male) |
| 12:18 | Encolar | Villager (Male) |
| 12:42 | Construir | Watch Tower |
| 12:46 | Investigar | Fletching |
| 13:02 | Encolar | Villager (Male) |
| 13:08 | Encolar | Villager (Male) |
| 13:47 | Construir | Watch Tower |
| 13:48 | Encolar | Villager (Male) |
| 14:11 | Construir | Farm |
| 14:12 | Encolar | Villager (Male) |
| 14:36 | Construir | Farm |
| 15:04 | Construir | Watch Tower |
| 15:05 | Encolar | Villager (Male) |
| 15:07 | Construir | Farm |
| 15:31 | Encolar | Villager (Male) |
| 15:52 | Encolar | Villager (Male) |
| 15:55 | Construir | Lumber Camp |
| 16:43 | Construir | Watch Tower |
| 16:45 | Encolar | Villager (Male) |
| 16:46 | Construir | Farm |
| 16:56 | Construir | Farm |
| 16:57 | Encolar | Villager (Male) |
| 17:32 | Encolar | Villager (Male) |
| 17:36 | Construir | Lumber Camp |
| 17:38 | Construir | Farm |
| 17:39 | Encolar | Villager (Male) |
| 17:49 | Encolar | Villager (Male) |
| 17:54 | Encolar | Villager (Male) |
| 18:06 | Construir | Mining Camp |
| 18:08 | Encolar | Villager (Male) |
| 18:27 | Construir | Watch Tower |
| 18:31 | Encolar | Villager (Male) |
| 19:02 | Construir | House |
| 19:08 | Investigar | Wheelbarrow |
| 19:16 | Construir | Farm |
| 19:36 | Construir | Watch Tower |
| 19:41 | Construir | House |
| 19:42 | Construir | House |
| 19:44 | Encolar | Villager (Male) |
| 20:13 | Construir | Market |
| 20:20 | Construir | House |
| 20:21 | Construir | House |
| 20:31 | Construir | Watch Tower |
| 20:42 | Encolar | Villager (Male) |
| 21:01 | Construir | Farm |
| 21:02 | Encolar | Villager (Male) |
| 21:10 | Construir | Farm |
| 21:14 | Construir | Farm |
| 21:17 | Encolar | Villager (Male) |
| 21:22 | Construir | Farm |
| 21:24 | Encolar | Villager (Male) |
| 21:53 | Construir | Watch Tower |
| 21:57 | Construir | Farm |
| 22:12 | Construir | Farm |
| 22:15 | Encolar | Villager (Male) |
| 22:37 | Construir | Farm |
| 23:04 | Construir | Farm |
| 23:10 | Investigar | Castle Age |
| 23:44 | Investigar | Horse Collar |
| 23:58 | Investigar | Stone Mining |
| 24:20 | Investigar | Gold Mining |
| 24:32 | Investigar | Town Watch |
| 25:50 | Edad | Edad de los Castillos |
| 25:51 | Investigar | Bodkin Arrow |
| 25:57 | Construir | University |
| 26:01 | Encolar | Villager (Male) |
| 26:02 | Encolar | Villager (Male) |
| 27:01 | Encolar | Villager (Male) |
| 27:03 | Construir | Farm |
| 27:08 | Investigar | Treadmill Crane |
| 27:21 | Construir | Farm |
| 27:23 | Encolar | Villager (Male) |
| 27:24 | Encolar | Villager (Male) |
| 27:33 | Construir | Castle |
| 27:38 | Construir | Gate |
| 27:45 | Encolar | Villager (Male) |
| 27:54 | Construir | Town Center |
| 28:01 | Encolar | Villager (Male) |
| 28:28 | Encolar | Villager (Male) |
| 28:35 | Construir | House |
| 28:35 | Construir | House |
| 28:36 | Construir | House |
| 29:13 | Encolar | Villager (Male) |
| 29:36 | Investigar | Imperial Age |
| 29:36 | Investigar | Imperial Age |
| 29:50 | Construir | Monastery |
| 30:07 | Investigar | Bow Saw |
| 30:21 | Construir | House |
| 30:22 | Construir | House |
| 30:23 | Construir | House |
| 30:25 | Encolar | Villager (Male) |
| 30:25 | Encolar | Villager (Male) |
| 30:26 | Encolar | Villager (Male) |
| 30:31 | Construir | Farm |
| 30:32 | Construir | Farm |
| 30:32 | Construir | Farm |
| 30:32 | Construir | Farm |
| 30:32 | Construir | Farm |
| 30:33 | Construir | Farm |
| 30:33 | Construir | Farm |
| 30:33 | Construir | Farm |
| 30:35 | Encolar | Villager (Male) |
| 30:55 | Construir | Stone Wall |
| 30:58 | Encolar | Monk |
| 31:03 | Construir | Watch Tower |
| 31:07 | Encolar | Villager (Male) |
| 31:10 | Investigar | Heavy Plow |
| 31:27 | Construir | Stone Wall |
| 31:29 | Construir | Stone Wall |
| 31:35 | Investigar | Fortified Wall (upgrade) |
| 32:05 | Encolar | Villager (Male) |
Build order — DK_Vamos Jefe de Equipo
Primeras 150 de 491 acciones detectadas
| 0:00 | Encolar | Villager (Male) |
| 0:00 | Encolar | Villager (Male) |
| 0:01 | Encolar | Villager (Male) |
| 0:01 | Encolar | Villager (Male) |
| 0:01 | Encolar | Villager (Male) |
| 0:04 | Construir | House |
| 0:06 | Construir | House |
| 1:36 | Encolar | Villager (Male) |
| 2:09 | Encolar | Villager (Male) |
| 2:31 | Encolar | Villager (Male) |
| 2:41 | Construir | Lumber Camp |
| 2:54 | Encolar | Villager (Male) |
| 3:11 | Encolar | Villager (Male) |
| 3:32 | Encolar | Villager (Male) |
| 3:53 | Construir | House |
| 4:07 | Encolar | Villager (Male) |
| 4:07 | Encolar | Villager (Male) |
| 4:36 | Construir | House |
| 4:51 | Encolar | Villager (Male) |
| 5:30 | Encolar | Villager (Male) |
| 5:42 | Investigar | Loom |
| 5:49 | Encolar | Villager (Male) |
| 6:03 | Construir | Mill |
| 6:12 | Encolar | Villager (Male) |
| 6:34 | Encolar | Villager (Male) |
| 6:40 | Encolar | Villager (Male) |
| 7:16 | Encolar | Villager (Male) |
| 7:43 | Investigar | Loom |
| 8:16 | Investigar | Feudal Age |
| 8:48 | Construir | House |
| 8:51 | Construir | Palisade Wall |
| 8:52 | Construir | Palisade Wall |
| 8:54 | Construir | Palisade Wall |
| 9:45 | Construir | Palisade Wall |
| 9:46 | Construir | Palisade Wall |
| 9:59 | Construir | Palisade Wall |
| 10:35 | Edad | Edad Feudal |
| 10:38 | Construir | Town Center |
| 10:41 | Encolar | Villager (Male) |
| 10:43 | Investigar | Double-Bit Axe |
| 10:46 | Construir | Farm |
| 10:47 | Construir | Farm |
| 10:51 | Construir | Farm |
| 10:53 | Construir | Farm |
| 11:00 | Construir | Farm |
| 11:01 | Encolar | Villager (Male) |
| 11:11 | Construir | House |
| 11:18 | Encolar | Villager (Male) |
| 11:34 | Encolar | Villager (Male) |
| 11:36 | Construir | Farm |
| 11:50 | Construir | Palisade Wall |
| 11:50 | Construir | Palisade Wall |
| 11:55 | Construir | Outpost |
| 11:57 | Encolar | Villager (Male) |
| 12:02 | Encolar | Villager (Male) |
| 12:11 | Construir | Farm |
| 12:11 | Encolar | Villager (Male) |
| 12:22 | Encolar | Villager (Male) |
| 12:36 | Construir | Mining Camp |
| 12:36 | Encolar | Villager (Male) |
| 12:43 | Encolar | Villager (Male) |
| 13:03 | Encolar | Villager (Male) |
| 13:10 | Encolar | Villager (Male) |
| 13:14 | Encolar | Villager (Male) |
| 13:38 | Construir | Watch Tower |
| 13:41 | Encolar | Villager (Male) |
| 13:45 | Encolar | Villager (Male) |
| 13:56 | Encolar | Villager (Male) |
| 13:57 | Encolar | Villager (Male) |
| 14:07 | Construir | Blacksmith |
| 15:09 | Encolar | Villager (Male) |
| 15:10 | Encolar | Villager (Male) |
| 15:15 | Construir | Watch Tower |
| 15:21 | Construir | House |
| 15:21 | Encolar | Villager (Male) |
| 15:23 | Construir | Farm |
| 15:24 | Construir | Farm |
| 15:25 | Construir | Farm |
| 15:26 | Construir | Farm |
| 15:34 | Encolar | Villager (Male) |
| 15:36 | Construir | House |
| 15:50 | Construir | Farm |
| 16:12 | Construir | Farm |
| 16:16 | Encolar | Villager (Male) |
| 16:39 | Encolar | Villager (Male) |
| 16:46 | Construir | Farm |
| 16:47 | Construir | Farm |
| 16:49 | Construir | Farm |
| 16:51 | Construir | Farm |
| 16:51 | Encolar | Villager (Male) |
| 17:06 | Encolar | Villager (Male) |
| 17:12 | Construir | Farm |
| 17:14 | Encolar | Villager (Male) |
| 17:28 | Construir | Watch Tower |
| 17:34 | Encolar | Villager (Male) |
| 17:38 | Construir | Farm |
| 17:39 | Encolar | Villager (Male) |
| 17:44 | Construir | House |
| 17:50 | Construir | House |
| 17:50 | Encolar | Villager (Male) |
| 17:58 | Encolar | Villager (Male) |
| 18:07 | Construir | House |
| 18:12 | Construir | Palisade Wall |
| 18:23 | Encolar | Villager (Male) |
| 18:26 | Encolar | Villager (Male) |
| 18:29 | Construir | House |
| 18:31 | Encolar | Villager (Male) |
| 18:32 | Encolar | Villager (Male) |
| 18:33 | Encolar | Villager (Male) |
| 18:38 | Investigar | Wheelbarrow |
| 18:42 | Construir | House |
| 18:43 | Encolar | Villager (Male) |
| 18:46 | Construir | Farm |
| 18:48 | Construir | Farm |
| 18:48 | Encolar | Villager (Male) |
| 18:53 | Encolar | Villager (Male) |
| 18:57 | Construir | House |
| 18:59 | Encolar | Villager (Male) |
| 19:00 | Encolar | Villager (Male) |
| 19:06 | Encolar | Villager (Male) |
| 19:10 | Encolar | Villager (Male) |
| 19:16 | Construir | House |
| 19:17 | Encolar | Villager (Male) |
| 19:20 | Construir | Farm |
| 19:20 | Encolar | Villager (Male) |
| 19:21 | Encolar | Villager (Male) |
| 19:27 | Encolar | Villager (Male) |
| 19:29 | Encolar | Villager (Male) |
| 19:45 | Construir | Farm |
| 19:47 | Encolar | Villager (Male) |
| 20:07 | Encolar | Villager (Male) |
| 20:18 | Construir | Blacksmith |
| 20:19 | Encolar | Villager (Male) |
| 20:27 | Construir | Lumber Camp |
| 20:29 | Encolar | Villager (Male) |
| 20:34 | Encolar | Villager (Male) |
| 20:42 | Investigar | Fletching |
| 20:43 | Encolar | Villager (Male) |
| 20:52 | Encolar | Villager (Male) |
| 21:10 | Encolar | Villager (Male) |
| 21:28 | Construir | Watch Tower |
| 21:29 | Encolar | Villager (Male) |
| 21:30 | Encolar | Villager (Male) |
| 21:40 | Construir | Lumber Camp |
| 22:08 | Encolar | Villager (Male) |
| 22:16 | Construir | Market |
| 22:24 | Encolar | Villager (Male) |
| 22:34 | Encolar | Villager (Male) |
| 22:49 | Investigar | Castle Age |
| 22:57 | Investigar | Stone Mining |
Cronología de la partida
| 8:51 | DK_Vamos Jefe de Equipo · wall_segment Palisade Wall x1 |
| 8:52 | DK_Vamos Jefe de Equipo · wall_segment Palisade Wall x1 |
| 8:54 | DK_Vamos Jefe de Equipo · wall_segment Palisade Wall x1 |
| 9:45 | DK_Vamos Jefe de Equipo · wall_segment Palisade Wall x1 |
| 9:46 | DK_Vamos Jefe de Equipo · wall_segment Palisade Wall x1 |
| 9:59 | DK_Vamos Jefe de Equipo · wall_segment Palisade Wall x1 |
| 10:35 | DK_Vamos Jefe de Equipo · age_up feudal |
| 11:39 | Post Nut Clarity · age_up feudal |
| 11:50 | DK_Vamos Jefe de Equipo · wall_segment Palisade Wall x1 |
| 11:50 | DK_Vamos Jefe de Equipo · wall_segment Palisade Wall x1 |
| 18:12 | DK_Vamos Jefe de Equipo · wall_segment Palisade Wall x1 |
| 22:04 | Post Nut Clarity · first_market_sell 100 wood |
| 22:06 | Post Nut Clarity · first_market_buy 100 food |
| 22:48 | DK_Vamos Jefe de Equipo · first_market_sell 100 food |
| 25:29 | DK_Vamos Jefe de Equipo · age_up castle |
| 25:33 | DK_Vamos Jefe de Equipo · first_building Castle |
| 25:50 | Post Nut Clarity · age_up castle |
| 27:33 | Post Nut Clarity · first_building Castle |
| 27:56 | DK_Vamos Jefe de Equipo · first_building Siege Workshop |
| 28:33 | DK_Vamos Jefe de Equipo · first_market_buy 100 wood |
| 29:50 | Post Nut Clarity · first_building Monastery |
| 30:42 | DK_Vamos Jefe de Equipo · age_up imperial |
| 30:55 | Post Nut Clarity · wall_segment Stone Wall x4 |
| 31:27 | Post Nut Clarity · wall_segment Stone Wall x3 |
| 31:29 | Post Nut Clarity · wall_segment Stone Wall x1 |
| 32:04 | DK_Vamos Jefe de Equipo · first_building Monastery |
| 32:16 | Post Nut Clarity · wall_segment Stone Wall x1 |
| 32:27 | Post Nut Clarity · wall_segment Stone Wall x6 |
| 32:46 | Post Nut Clarity · age_up imperial |
| 33:02 | Post Nut Clarity · wall_segment Stone Wall x6 |
| 33:22 | Post Nut Clarity · wall_segment Stone Wall x5 |
| 33:24 | Post Nut Clarity · wall_segment Stone Wall x4 |
| 33:35 | DK_Vamos Jefe de Equipo · first_building Barracks |
| 33:56 | Post Nut Clarity · wall_segment Stone Wall x6 |
| 34:22 | Post Nut Clarity · wall_segment Stone Wall x10 |
| 34:32 | Post Nut Clarity · first_building Siege Workshop |
| 35:04 | DK_Vamos Jefe de Equipo · first_building Archery Range |
| 35:46 | Post Nut Clarity · wall_segment Stone Wall x1 |
| 37:08 | Post Nut Clarity · wall_segment Stone Wall x1 |
| 38:14 | DK_Vamos Jefe de Equipo · first_building Stable |
| 39:57 | Post Nut Clarity · wall_segment Stone Wall x2 |
| 43:27 | Post Nut Clarity · first_building Barracks |
[ ANÁLISIS IA · 1 CRÉDITO ]
¿Qué pasó realmente en esta partida?
Wolo.gg analiza cada decisión: build order, eco, micro, errores típicos por bracket. Análisis personalizado por WhatsApp o Discord en 30 segundos.
Guía civ
Coreanos
Perfil
Jugador #2740170